 Dungeon Crawl Stone Soup version 0.29.1-13-g9f3cf754e1 (webtiles) character file.

Game seed: 17567692928324702117

48379 Peloso the Fencer (level 14, -1/129 HPs)
             Began as a Minotaur Fighter on Jan 19, 2023.
             Was an Elder of Okawaru.
             Slain by an orc warlord
             ... wielding a +2 dire flail of protection
              (37 damage)
             ... on level 1 of the Orcish Mines.
             The game lasted 00:56:41 (31147 turns).

Peloso the Fencer (Minotaur Fighter)               Turns: 31147, Time: 00:56:41

Health: -1/129     AC: 37    Str: 30    XL:     14   Next: 12%
Magic:  15/16      EV: 12    Int:  5    God:    Okawaru [****..]
Gold:   1561       SH: 11    Dex: 18    Spells: 13/13 levels left

rFire   . . .      SeeInvis .   a - +3 falchion
rCold   + + +      Faith    .   d - +2 buckler {rC+}
rNeg    . . .      Spirit   .   q - +1 crystal plate armour {rC+}
rPois   +          Reflect  .   H - +1 hat
rElec   .          Harm     .   S - +1 cloak
rCorr   .          Rampage  .   F - +0 pair of gloves
Will    ++++.                   i - +2 pair of boots
Stlth   ..........              (no amulet)
HPRegen 0.31/turn               G - ring "Katau" {*Corrode rPois rC+ Will+++ Dex+6}
MPRegen 0.15/turn               A - +6 ring of strength

@: heroic
A: horns 2, retaliatory headbutt
a: Renounce Religion, Heroism, Finesse


You were on level 1 of the Orcish Mines.
You worshipped Okawaru.
Okawaru was greatly pleased with you.
You visited 4 branches of the dungeon, and saw 18 of its levels.
You also visited: Sewer, Ice Cave and Volcano.

You collected 1561 gold pieces.

Inventory:

Hand Weapons
 a - a +3 falchion (weapon)
 b - a +1 hand axe of flaming
 c - a +1 vorpal scimitar
Missiles
 B - a throwing net (quivered)
Armour
 d - a +2 buckler of cold resistance (worn)
 i - a +2 pair of boots (worn)
 o - +0 fire dragon scales
 q - a +1 crystal plate armour of cold resistance (worn)
 F - a +0 pair of gloves (worn)
 H - a +1 hat (worn)
 N - a +2 chain mail of fire resistance
 S - a +1 cloak (worn)
Jewellery
 p - a +4 ring of protection
 r - a +6 ring of intelligence
 y - a ring of resist corrosion
 A - a +6 ring of strength (right hand)
 G - the ring "Katau" (left hand) {*Corrode rPois rC+ Will+++ Dex+6}
   (You found it on level 9 of the Dungeon)

   [ring of dexterity]

   Dex:       It affects your dexterity (+6).
   rC:        It protects you from cold.
   rPois:     It protects you from poison.
   *Corrode:  It may corrode you when you take damage.
   Will:      It greatly increases your willpower.
 L - a ring of willpower
 M - an amulet of faith
 V - an amulet of magic regeneration
 W - an amulet of the acrobat
Wands
 l - a wand of flame (41)
 x - a wand of polymorph (11)
 D - a wand of mindburst (9)
 I - a wand of paralysis (3)
Scrolls
 k - 2 scrolls of immolation
 m - 6 scrolls of fog
 n - 5 scrolls of teleportation
 s - 3 scrolls of noise
 t - 2 scrolls of enchant armour
 C - 3 scrolls of poison
 E - a scroll of fear
 O - 3 scrolls of amnesia
 T - a scroll of identify
 U - a scroll of torment {unknown}
Potions
 e - a potion of resistance
 g - 6 potions of haste
 h - 2 potions of brilliance
 j - 7 potions of curing
 u - a potion of cancellation
 v - a potion of magic {unknown}
 w - 5 potions of invisibility {unknown}
 z - 3 potions of degeneration {unknown}
 J - 8 potions of ambrosia
 K - 2 potions of mutation {unknown}
 P - a potion of might
 Q - a potion of experience {unknown}
 R - a potion of heal wounds
Miscellaneous
 f - a condenser vane


   Skills:
 + Level 13.2(18.2) Fighting
 + Level 15.7(20.7) Long Blades
 + Level 4.0(9.0) Axes
 + Level 15.2(20.2) Armour
 + Level 4.6(9.6) Dodging
 + Level 2.5(7.5) Stealth
 + Level 13.6(18.6) Shields
 + Level 4.0 Invocations


You had 13 spell levels left.
You didn't know any spells.
Your spell library contained the following spells:

 Spells                   Type           Power      Damage    Failure   Level
 Necrotise                Necr           0%         1d4       99%         1
 Sandblast                Erth           0%         2d4       99%         1
 Ensorcelled Hibernation  Hex/Ice        0%         N/A       100%        2
 Passwall                 Tmut/Erth      0%         N/A       100%        2
 Sublimation of Blood     Necr           0%         N/A       100%        2
 Gell's Gravitas          Tloc           0%         N/A       100%        3
 Lesser Beckoning         Tloc           0%         N/A       100%        3
 Ozocubu's Armour         Ice            0%         N/A       100%        3
 Spider Form              Tmut/Pois      0%         N/A       100%        3
 Stone Arrow              Conj/Erth      0%         3d7       100%        3
 Teleport Other           Tloc           0%         N/A       100%        3
 Vampiric Draining        Necr           0%         2d6       100%        3
 Anguish                  Hex/Necr       0%         N/A       100%        4
 Petrify                  Tmut/Erth      0%         N/A       100%        4
 Agony                    Necr           0%         N/A       100%        5
 Irradiate                Conj/Tmut      0%         3d11      100%        5
 Dispersal                Tloc           0%         N/A       100%        6
 Ozocubu's Refrigeration  Ice            0%         4d7       100%        7


Dungeon Overview and Level Annotations

Branches:
Dungeon (12/15)            Temple (1/1) D:6            Lair (3/5) D:9
 Shoals (0/4) Lair:3       Spider (0/4) Lair:3          Orc (2/2) D:12
  Sewer (visited)           IceCv (visited)         Volcano (visited)
    Elf: Orc:2

Altars:
Ashenzari
Cheibriados
Dithmenos
Elyvilon
Fedhas
Hepliaklqana
Makhleb
Nemelex Xobeh
Okawaru
Qazlal
Ru
Sif Muna
Trog
Wu Jian
Xom
Yredelemnul
Zin

Shops:
D:12 (:*[   Orc:1 (

Annotations:
D:2 1 runed translucent door, Crazy Yiuf
Lair:2 1 runed translucent door, Zoobame's ghost, journeyman DEHW
Orc:1 2 transporters, ymhsbmbesitwf's ghost, journeyman MiBe
Orc:2 Saint Roka; donbex's ghost, journeyman MiBe


Innate Abilities, Weirdness & Mutations

You have a pair of horns on your head.
You reflexively headbutt those who attack you in melee.


Message History

The orc warlord shoots a bolt.
The bolt hits you!!
The orc warlord shoots a bolt.
The bolt barely misses you.
The orc warlord unwields a +0 arbalest.
The orc warlord wields a +2 dire flail of protection.
The orc warlord hits you but does no damage.
You hit the orc warlord. Your headbutt misses the orc warlord.
The orc warlord is lightly wounded.
You barely miss the orc warlord.
The orc warlord is lightly wounded.
Saint Roka the Messiah comes into view.
They are wielding a +3 battleaxe of flaming and wearing a +2 plate armour of fire resistance.
The orc warlord hits you with a +2 dire flail of protection!!
Saint Roka shouts!
You hit the orc warlord but do no damage.
You headbutt the orc warlord, but do no damage.
The orc warlord is lightly wounded.
You hear a shout! x3
Saint Roka roars a battlecry!
The orcs go into a battle-frenzy!
The orc warlord hits you with a +2 dire flail of protection.
There is a stone staircase leading up here.
The orc warlord roars a battlecry!
Saint Roka goes into a battle-frenzy!
Saint Roka roars a battlecry!
You hear a shout! x3
You climb upwards.
Level annotation: 2 transporters, ymhsbmbesitwf's ghost, journeyman MiBe
There is a stone staircase leading down here.
You barely miss the orc warlord. Your headbutt misses the orc warlord.
The orc warlord is lightly wounded.
The orc warlord hits you with a +2 dire flail of protection!!!
* * * LOW HITPOINT WARNING * * *
You slash the orc warlord!
The orc warlord is lightly wounded.
The orc warlord completely misses you.
You hit the orc warlord but do no damage.
The orc warlord is lightly wounded.
You hit the orc warlord.
The orc warlord is moderately wounded.
The orc warlord hits you with a +2 dire flail of protection!!!
You die...

#### ##..## #....#
#....## #+#...#
#.#..## #.#..##
###@#...## #.'o≈....#
#.'.≈....####
##.#∩#.....#.#
##..#.#......##
#...#.#......####
#...#'#.........##
####........#.......##
#..........##........#


You could see an orc warlord (strong).

Vanquished Creatures
  Jorgrun (D:12)
  Gastronok (D:9)
  A reaper (IceCv)
  Snorg (Orc:1)
  A fire dragon (Volcano)
  3 hydras
  A boulder beetle (D:11)
  A two-headed ogre (D:9)
  An orc high priest (Orc:1)
  Nergalle (D:12)
  5 lindwurms (Volcano)
  An orc knight (Orc:1)
  An oklob plant (Lair:2)
  An ugly thing (D:12)
  9 elephants
  2 black mambas
  2 rust devils (D:8)
  2 ice statues (IceCv)
  Maurice (Orc:1)
  3 smoke demons (Volcano)
  4 cane toads
  2 unseen horrors (D:11)
  A rime drake (Lair:2)
  10 ice devils
  5 komodo dragons
  2 anaconda simulacra (IceCv)
  A tengu conjurer (D:11)
  A freezing wraith (IceCv)
  2 merfolk (Lair:3)
  A queen bee (D:11)
  A meliai (Lair:3)
  8 trolls
  A hornet (D:9)
  6 slime creatures (D:12)
  16 blink frogs
  Prince Ribbit (Lair:2)
  Sigmund (D:4)
  11 yaks
  2 shadows
  5 wraiths
  3 basilisks
  2 dire elephant simulacra (IceCv)
  2 fire elementals (Orc:1)
  4 wyverns
  Eustachio (D:4)
  6 steam dragons
  8 vampire mosquitoes
  Edmund (D:6)
  5 wargs
  2 death yak simulacra (IceCv)
  11 water moccasins
  2 hell hounds
  17 orc warriors
  A black bear (D:9)
  2 ice beasts (D:6)
  6 ogres
  11 wolves
  3 centaurs
  2 kobold brigands
  A phantom (D:6)
  Blork the orc (D:5)
  9 bullfrogs
  A gnoll sergeant (D:9)
  5 two-headed ogre simulacra (IceCv)
  7 scorpions
  4 wights (D:9)
  29 killer bees
  An elephant simulacrum (IceCv)
  4 howler monkeys
  A gnoll bouda (D:6)
  4 hounds
  5 jellies
  10 orc priests
  5 iguanas
  11 orc wizards
  3 spriggan simulacra (IceCv)
  2 wolf simulacra (IceCv)
  2 troll simulacra (IceCv)
  11 gnolls
  7 adders
  A naga simulacrum (IceCv)
  3 river rats
  2 shadow imps
  3 white imps
  2 ufetubi (IceCv)
  10 worms
  4 dart slugs
  41 orcs
  A ball python (D:4)
  2 bats (D:1)
  3 endoplasms
  4 giant cockroaches
  6 goblins
  6 hobgoblins
  9 jackals
  15 kobolds
  A quokka (D:1)
  9 frilled lizards
  10 rats
464 creatures vanquished.

Vanquished Creatures (others)
  30 fungi
  34 plants
64 creatures vanquished.

Grand Total: 528 creatures vanquished

Notes
Turn   | Place    | Note
-------+----------+-------------------------------------------
     0 | D:1      | Peloso the Minotaur Fighter began the quest for the Orb.
     0 | D:1      | Reached XP level 1. HP: 19/19 MP: 0/0
    98 | D:1      | Reached XP level 2. HP: 27/27 MP: 1/1
   572 | D:1      | Reached XP level 3. HP: 30/33 MP: 2/2
   990 | D:2      | Found a hazy altar of Hepliaklqana.
  1184 | D:2      | Found a runed translucent door.
  1185 | D:2      | Noticed Crazy Yiuf
  1326 | D:3      | Found a broken altar of Ashenzari.
  1422 | D:3      | Reached XP level 4. HP: 34/40 MP: 3/3
  1568 | D:3      | Reached skill level 1 in Dodging
  1574 | D:3      | Found a glowing drain.
  1578 | Sewer    | Entered a sewer
  1960 | Sewer    | Reached XP level 5. HP: 41/47 MP: 4/4
  2349 | D:3      | Reached skill level 5 in Long Blades
  2877 | D:4      | Noticed Eustachio
  2894 | D:4      | Killed Eustachio
  2895 | D:4      | Reached skill level 5 in Armour
  2895 | D:4      | Reached XP level 6. HP: 38/53 MP: 5/5
  3449 | D:4      | Found a stormy altar of Qazlal.
  3858 | D:4      | Noticed Sigmund
  3868 | D:4      | Killed Sigmund
  3869 | D:4      | Reached XP level 7. HP: 60/60 MP: 6/6
  4227 | D:5      | Entered Level 5 of the Dungeon
  4255 | D:4      | Reached skill level 5 in Fighting
  4587 | D:5      | Found a burning altar of Makhleb.
  4622 | D:5      | Noticed Blork the orc
  4634 | D:5      | Killed Blork the orc
  4861 | D:5      | Reached XP level 8. HP: 68/68 MP: 7/7
  5927 | D:6      | Noticed Edmund
  5953 | D:6      | HP: 3/69 [Edmund/+2 vorpal flail (1)]
  5959 | D:6      | Killed Edmund
  6260 | D:6      | Reached skill level 5 in Shields
  6404 | D:6      | Found a blossoming altar of Fedhas.
  6748 | D:6      | Found an ornate altar of the Wu Jian Council.
  7193 | D:6      | HP: 3/68 [poisoned by a water moccasin]
  7542 | D:6      | Reached skill level 1 in Stealth
  7549 | D:6      | Reached XP level 9. HP: 33/77 MP: 8/8
  8312 | D:6      | Found a stormy altar of Qazlal.
  8357 | D:6      | Found a staircase to the Ecumenical Temple.
  8537 | Temple   | Entered the Ecumenical Temple
  8583 | Temple   | Became a worshipper of Warmaster Okawaru
  9686 | D:7      | Noticed a rust devil
  9686 | D:7      | Noticed a rust devil
  9742 | D:8      | Reached skill level 10 in Long Blades
  9777 | D:8      | Reached * piety under Okawaru
 10223 | D:9      | Noticed a seven-headed hydra
 10227 | D:9      | Noticed a troll
 10234 | D:9      | Noticed a troll
 10256 | D:9      | Killed a troll
 10721 | D:9      | Identified the ring "Katau" {*Corrode rPois rC+ Will+++
                  | Dex+6}
 11126 | D:8      | Killed a rust devil
 11214 | D:8      | Killed a rust devil
 11215 | D:8      | Reached skill level 1 in Invocations
 11215 | D:8      | Reached XP level 10. HP: 68/88 MP: 7/9
 11845 | D:10     | Entered Level 10 of the Dungeon
 11855 | D:10     | Found a shimmering blue altar of Sif Muna.
 11995 | D:10     | Reached ** piety under Okawaru
 11996 | D:10     | Reached skill level 10 in Armour
 12878 | D:11     | Found a frozen archway.
 12917 | IceCv    | Entered an ice cave
 13888 | IceCv    | Noticed an ice statue
 13888 | IceCv    | Noticed an ice statue
 14140 | IceCv    | Killed an ice statue
 15077 | IceCv    | Killed an ice statue
 15898 | IceCv    | Reached XP level 11. HP: 71/99 MP: 9/11
 16609 | IceCv    | Reached *** piety under Okawaru
 16730 | IceCv    | Reached skill level 10 in Fighting
 17311 | IceCv    | Noticed a reaper
 17324 | IceCv    | Killed a reaper
 18245 | D:11     | Reached **** piety under Okawaru
 18643 | D:11     | Noticed a boulder beetle
 18672 | D:11     | Killed a boulder beetle
 18922 | D:9      | Noticed a two-headed ogre
 19094 | D:9      | Reached XP level 12. HP: 108/108 MP: 13/13
 19155 | D:9      | Noticed Gastronok
 19248 | D:9      | Killed Gastronok
 19272 | D:9      | Killed a one-headed hydra
 19272 | D:9      | Reached ***** piety under Okawaru
 19614 | D:9      | Killed a two-headed ogre
 19615 | D:9      | Reached skill level 1 in Axes
 19681 | D:9      | Found a staircase to the Lair.
 19758 | D:9      | Found the +1 robe of Vines {NoPotionHeal Regen++++}
 19843 | D:9      | Found a basalt altar of Yredelemnul.
 19985 | Lair:1   | Entered Level 1 of the Lair of Beasts
 20446 | Lair:1   | Reached skill level 10 in Shields
 21179 | Lair:2   | Noticed Zoobame's ghost (journeyman DEHW)
 21179 | Lair:2   | Identified the +3 rapier of the Threshing Gods {chaos,
                  | rPois rC+ rN++ Str-5}
 21179 | Lair:2   | Found a runed translucent door.
 21179 | Lair:2   | Found a shimmering altar of Xom.
 21267 | Lair:2   | Found a dark tunnel.
 21273 | Volcano  | Entered a volcano
 21513 | Volcano  | Received a gift from Okawaru
 22548 | Volcano  | Reached XP level 13. HP: 75/117 MP: 12/14
 22740 | Volcano  | Noticed a fire dragon
 22766 | Volcano  | Killed a fire dragon
 23068 | Lair:2   | Noticed Prince Ribbit
 23097 | Lair:2   | Killed Prince Ribbit
 24153 | Lair:2   | Reached skill level 15 in Long Blades
 24176 | Lair:2   | Found a blossoming altar of Fedhas.
 24665 | Lair:2   | Received a gift from Okawaru
 25188 | Lair:3   | Found a hole to the Spider Nest.
 25971 | Lair:3   | Found a staircase to the Shoals.
 26772 | D:12     | Found Cublant's Book Emporium.
 26780 | D:12     | Found Acusuix's Antique Weapon Emporium.
 26781 | D:12     | Found Tehunli's Assorted Antiques.
 26784 | D:12     | Found Ridu's Armour Emporium.
 26842 | D:12     | Noticed Jorgrun
 26862 | D:12     | Killed Jorgrun
 27045 | D:12     | Found a staircase to the Orcish Mines.
 27249 | D:12     | Noticed Nergalle
 27278 | D:12     | Killed Nergalle
 27279 | D:12     | Reached skill level 15 in Armour
 27694 | D:12     | Identified the +3 sling "Kejoffel" {vorpal, Str+3}
 28051 | Orc:1    | Entered Level 1 of the Orcish Mines
 28051 | Orc:1    | Found a transporter.
 28372 | Orc:1    | Found a transporter.
 28394 | Orc:1    | Found a bloodstained altar of Trog.
 28394 | Orc:1    | Noticed ymhsbmbesitwf's ghost (journeyman MiBe)
 28662 | Orc:1    | Found Zoesat's Weapon Shop.
 28738 | Orc:1    | Noticed Snorg
 28759 | Orc:1    | Killed Snorg
 28760 | Orc:1    | Reached XP level 14. HP: 106/129 MP: 14/16
 28980 | Orc:2    | Entered Level 2 of the Orcish Mines
 28980 | Orc:2    | Noticed Maurice
 28985 | Orc:2    | Noticed an orc warlord
 28998 | Orc:1    | Killed Maurice
 31126 | Orc:2    | Noticed donbex's ghost (journeyman MiBe)
 31139 | Orc:2    | Noticed Saint Roka
 31147 | Orc:1    | Slain by an orc warlord

Illustrated notes

Levels and vault maps discovered:
D:1:      lightli_iron_boxes, layout_basic, minmay_tripent
D:2:      layout_rooms, basic_altar, dk_noncrumbling_4, uniq_crazy_yiuf_cottage
D:3:      layout_loops_corners, general_overflow_altar, gup_sewer_entry_bowl
D:4:      layout_layer_cave, nicolae_qazlal_general_emergency,
          nicolae_wormholes, uniq_eustachio, uniq_sigmund
D:5:      layout_layer_cave, mainiacjoe_overflow_paths, dk_rats_in_the_wall,
          uniq_blork_the_orc
D:6:      layout_rooms, temple_statues, kennysheep_path_1,
          hangedman_feature_mirror, corexii_corridor_pit,
          hangedman_abyss_or_decor_jellyfish_corner, minmay_ruined_shrine,
          uniq_edmund
D:7:      cheibrodos_iron_armory, layout_gridville
D:8:      layout_layer_cave
D:9:      layout_small_grid, mainiacjoe_overflow_chevrons,
          grunt_lair_entry_orc_guard_hut, hellmonk_guarded_unrand_vines,
          uniq_gastronok
D:10:     layout_gridville, nicolae_overflow_crystal_walls, st_stairs_13,
          dk_vineyard_1
D:11:     layout_basic, special_room [special_room_bee],
          portal_ice_cave_demonic_guard
D:12:     layout_long_grid, david_orc_2, minmay_shop_grid_forest,
          minmay_hedge_maze, uniq_jorgrun, uniq_nergalle
Temple:   nicolae_temple_bog_church
Lair:1:   layout_loops_ring, pond
Lair:2:   layout_roguey, enter_volcano_2, ebering_ghost_xom, lemuel_oklob_altar,
          grunt_megastairs_3, uniq_prince_ribbit2
Lair:3:   layout_roguey, elwin_shoals_entry_rooms,
          hellmonk_spider_entry_not_the_bees, hangedman_lair_unloving_vines
Orc:1:    layout_diamond_mine, gammafunk_ghost_wrathful_warriors, serial_shops,
          nicolae_shop_hallway_stairs, uniq_snorg
Orc:2:    st_orc_elflike, layout_caves, hellmonk_ghost_happy_afterlife,
          basic_altar, uniq_azrael, uniq_josephine, uniq_saint_roka,
          uniq_maurice

Skill      XL: |  1  2  3  4  5  6  7  8  9 10 11 12 13 |
---------------+----------------------------------------+-----
Shields        | 4 5 6 7 8 11 13 | 13.6
Fighting       | 4 5 6 8 9 10 11 13 | 13.2
Armour         | 4 5 6 8 9 11 12 13 15 | 15.2
Long Blades    | 3 4 6 8 9 10 11 13 14 15 | 15.7
Dodging        | 1 2 3 4 |  4.6
Stealth        | 1 2 |  2.5
Invocations    | 1 2 3 4 |  4.0
Axes           | 2 4 |  4.0

Action                   |  1- 3 |  4- 6 |  7- 9 | 10-12 | 13-15 || total
-------------------------+-------+-------+-------+-------+-------++-------
Melee: Long sword        |   113 |   110 |   375 |       |       ||   598
       Headbutt          |    21 |    18 |    95 |   249 |   224 ||   607
       Falchion          |       |       |    67 |   909 |   767 ||  1743
       Hand axe          |       |       |       |     8 |    33 ||    41
Invok: Heroism           |       |       |     9 |    33 |    20 ||    62
  Use: Scroll            |     4 |     6 |     8 |     9 |       ||    27
       Potion            |     1 |     1 |     4 |     5 |     1 ||    12
Armor: Scale mail        |    70 |    61 |   160 |       |       ||   291
       Chain mail        |       |       |    61 |    10 |       ||    71
       Plate armour      |       |       |       |   178 |       ||   178
       Crystal plate arm |       |       |       |   366 |   473 ||   839
Dodge: Dodged            |    59 |    48 |   217 |   268 |   283 ||   875
Block: Buckler           |    28 |    22 |   102 |   317 |   414 ||   883
